 Dungeon Crawl Stone Soup version 0.14-a0-1254-g249fea6 (webtiles) character file.

99 Jenx the Caller (level 3, -1/24 HPs)
             Began as a Mummy Summoner on Dec 2, 2013.
             Slain by an adder (3 damage)
             ... on Level 2 of the Dungeon.
             The game lasted 00:05:15 (2133 turns).

Jenx the Caller (Mummy Summoner)                    Turns: 2133, Time: 00:05:16

HP  -1/24        AC  2     Str 11      XL: 3   Next: 53%
MP   3/6         EV 12     Int 15      God:
Gold 50          SH  0     Dex 12      Spells:  3 memorised,  0 levels left

rFire  x . .     SeeInvis .     e - +0 hand axe
rCold  + . .     Clarity  .     a - +0 robe
rNeg   + + +     Conserve .     (no shield)
rPois  +         rCorr    .     (no helmet)
rElec  .         rRot     +     (no cloak)
SustAb . .       Spirit   .     (no gloves)
rMut   .         Warding  .     (no boots)
Saprov . . .     Stasis   .     (no amulet)
                                (no ring)
                                (no ring)

@: slightly resistant to hostile enchantments, unstealthy
A: no food or potions, fire vulnerability, restore body, cold resistance 1, life
protection 3, poison resistance, torment resistance, unbreathing
a: no special abilities


You were on level 2 of the Dungeon.
You were not hungry.

You visited 1 branch of the dungeon, and saw 2 of its levels.

You collected 50 gold pieces.

Inventory:

Hand weapons
 e - a +0,+0 hand axe (weapon)
Missiles
 c - 14 darts (quivered)
Armour
 a - a +0 robe (worn)
Scrolls
 d - a scroll of enchant weapon I {unknown}
 f - 2 scrolls of identify {unknown}
 g - a scroll of fear {unknown}
 h - a scroll of teleportation {unknown}
 i - a scroll of enchant armour {unknown}
 j - 2 scrolls of recharging {unknown}
 k - a scroll of remove curse {unknown}
Books
 b - a book of Callings

   Spells                             Type                      Level
   *Summon Small Mammal               Summoning                    1
   *Call Imp                          Summoning                    2
   *Call Canine Familiar              Summoning                    3
   Summon Scorpions                   Summoning/Poison             4
   Summon Ice Beast                   Ice/Summoning                4


   Skills:
 - Level 1.5 Dodging
 - Level 1.5 Stealth
 - Level 2.0 Spellcasting
 * Level 4.4 Summonings


You couldn't memorise any spells.
You knew the following spells:

 Your Spells              Type           Power        Failure   Level  Hunger
a - Summon Small Mammal   Summ           ##..         4%          1    N/A
b - Call Imp              Summ           ##........   8%          2    N/A
c - Call Canine Familiar  Summ           ##........   14%         3    N/A

Dungeon Overview and Level Annotations

Branches:
Dungeon (2/16)

Altars:
Yredelemnul


Innate Abilities, Weirdness & Mutations

You do not eat or drink.
Your flesh is vulnerable to fire.
Your flesh is cold resistant.
You are immune to negative energy.
Your system is resistant to poisons.
You are immune to unholy pain and torment.
You can survive without breathing.


Message History

The adder bites you.
Your crimson imp barely misses the adder.
You hit the adder.
The adder is severely wounded.
The adder bites you.
* * * LOW HITPOINT WARNING * * *
Your crimson imp hits the adder.
The adder bites you.
* * * LOW HITPOINT WARNING * * *
You closely miss the adder.
The adder is almost dead.
Your crimson imp closely misses the adder.
The adder closely misses you.
Your crimson imp closely misses the adder.
The adder closely misses you.
Your crimson imp closely misses the adder.
Casting: Call Imp
Confirm with . or Enter, or press ? or * to list all spells.
A beastly little devil appears in a puff of frigid air.
The adder bites you.
You die...

... ... ### ... #.. #.# #.#
#.# #.# #.# #.# ##'## #.#
##...## #.#### ##.5@..##
##.##.## ##...S...##
##....>.####....5....##.#..
...#.......'...(.....'.....
##......####....g....##.#..
##.##.## ##.......## #.####
##.....## ... ##...## ##...
##g##


You could see 2 gnolls, an adder, a friendly crimson imp and a friendly white
imp.

Vanquished Creatures
  A hound (D:1)
  An adder (D:2)
  A ball python (D:1)
  A goblin (D:1)
  2 hobgoblins (D:1)
  4 giant newts (D:1)
10 creatures vanquished.

Vanquished Creatures (collateral kills)
  A big fish zombie (D:2)
  4 hobgoblins (D:1)
  5 kobolds
  A rat (D:1)
11 creatures vanquished.

Vanquished Creatures (others)
  A crimson imp (D:2)
  A white imp (D:2)
  A shadow imp (D:1)
  5 bats (D:1)
  3 rats (D:1)
11 creatures vanquished.

Grand Total: 32 creatures vanquished

Notes
Turn   | Place    | Note
--------------------------------------------------------------
     0 | D:1      | Jenx, the Mummy Summoner, began the quest for the Orb.
     0 | D:1      | Reached XP level 1. HP: 13/13 MP: 3/3
   758 | D:1      | Reached XP level 2. HP: 13/19 MP: 0/4
   764 | D:1      | Learned a level 2 spell: Call Imp
  1558 | D:1      | Reached skill level 4 in Summonings
  1558 | D:1      | Reached XP level 3. HP: 16/24 MP: 1/6
  1653 | D:1      | Learned a level 3 spell: Call Canine Familiar
  1830 | D:2      | Found a basalt altar of Yredelemnul.
  2129 | D:2      | HP: 1/24 [adder (2)]
  2133 | D:2      | Slain by an adder

Action                   || total
-------------------------++-------
Melee: Hand axe          ||    47
       Unarmed           ||     3
Throw: Dart              ||    10
 Cast: Summon Small Mamm ||    17
       Call Imp          ||    17
 Stab: Sleeping          ||     2
